 Dungeon Crawl Stone Soup version 0.27-a0-1154-gfdeffcb720 (webtiles) character file.

Game seed: 8285246868875875807

2954 bilbop the Sneak (level 10, -7/70 HPs)
             Began as a Djinni Venom Mage on May 14, 2021.
             Was an Initiate of Yredelemnul.
             Mangled by a wight
             ... wielding a +4 short sword
              (8 damage)
             ... on level 8 of the Dungeon on May 15, 2021.
             The game lasted 00:51:42 (9199 turns).

bilbop the Sneak (Djinni Venom Mage)                Turns: 9199, Time: 00:51:42

Health: -7/70      AC:  4    Str:  7    XL:     10   Next: 8%
Gold:   345        EV: 15    Int: 18    God:    Yredelemnul [......] SH:  5 Dex: 16

rFire    + + .     SeeInvis .   c - +0 dagger
rCold    x . .     Faith    .   A - +0 buckler
rNeg     . . .     Spirit   .   p - +0 leather armour
rPois    ∞         Reflect  .   (no helmet)
rElec    .         Harm     .   u - +0 cloak
rCorr    .         Rampage  .   (no gloves)
Will     +....                  (boots unavailable)
Stlth    +++.......             (no amulet)
HPRegen  0.21/turn              b - ring of wizardry
MPRegen  0.00/turn              s - +4 ring of evasion

@: flying
A: sickness immunity, fire resistance 2, cold vulnerability 1, float, innate
caster, hp casting, extra vitality 1
a: Renounce Religion


You were on level 8 of the Dungeon.
You worshipped Yredelemnul.
Yredelemnul was noncommittal.
You visited 2 branches of the dungeon, and saw 9 of its levels.

You collected 345 gold pieces.

Inventory:

Hand Weapons
 c - a +0 dagger (weapon)
Armour
 a - a +0 robe
 p - a +0 leather armour (worn)
 u - a +0 cloak (worn)
 A - a +0 buckler (worn)
Jewellery
 b - a ring of wizardry (left hand)
 s - a +4 ring of evasion (right hand)
 x - a ring of willpower
 y - a ring of magical power
Wands
 o - a wand of paralysis (4)
 D - a wand of acid (9)
Scrolls
 d - 6 scrolls of teleportation {unknown}
 e - 2 scrolls of fog {unknown}
 g - 2 scrolls of holy word {unknown}
 h - 3 scrolls of enchant weapon {unknown}
 k - 2 scrolls of immolation {unknown}
 l - a scroll of fear {unknown}
 r - 3 scrolls of identify {unknown}
 t - a scroll of brand weapon {unknown}
 w - a scroll of enchant armour {unknown}
 B - a scroll of acquirement {unknown}
Potions
 f - 2 potions of berserk rage {unknown}
 i - a potion of cancellation {unknown}
 j - a potion of invisibility {unknown}
 m - a potion of might {unknown}
 n - 3 potions of flight {unknown}
 q - a potion of curing {unknown}
 v - a potion of haste {unknown}
 z - a potion of degeneration {unknown}
 C - a potion of heal wounds {unknown}


   Skills:
 + Level 5.2 Fighting
 + Level 4.7 Short Blades
 - Level 2.1 Dodging
 + Level 5.2 Stealth
 + Level 5.1 Shields
 + Level 4.9 Spellcasting
 + Level 5.1 Invocations


You couldn't memorise any spells.
You knew the following spells:

 Your Spells              Type           Power      Damage    Failure   Level
a - Sting                 Tmut/Pois      88%        1d7       1%          1
b - Poisonous Vapours     Pois/Air       44%        N/A       1%          2
c - Mephitic Cloud        Conj/Pois/Air  22%        N/A       3%          3
d - Ignite Poison         Fire/Tmut/Pois 22%        N/A       3%          3
e - Olgreb's Toxic Radia  Pois           22%        N/A       11%         4
f - Foxfire               Conj/Fire      88%        2x1d8     1%          1
g - Passwall              Tmut/Erth      18%        N/A       1%          2
h - Call Canine Familiar  Summ           22%        N/A       3%          3
i - Animate Dead          Necr           11%        N/A       11%         4
Your spell library was empty.

Dungeon Overview and Level Annotations

Branches:
Dungeon (8/15)             Temple (1/1) D:7
   Lair: D:8-11

Altars:
Ashenzari
Cheibriados
Dithmenos
Fedhas
Gozag
Hepliaklqana
Kikubaaqudgha
Makhleb
Nemelex Xobeh
Okawaru
Qazlal
Ru
Sif Muna
Trog
Uskayaw
Vehumet
Wu Jian
Xom
Yredelemnul
Zin
The Shining One

Shops:
D:1 *   D:4 =


Innate Abilities, Weirdness & Mutations

You are immune to sickness and miasma.
You are immune to poison.
Your flesh is very heat resistant. (rF++)
You are vulnerable to cold. (rC-)
You float through the air rather than walking.
You learn spells naturally, not from books.
Your magical power is your life essence.
You have superior vitality. (+4 HP)


Message History

The wight is heavily damaged.
The wight closely misses you.
Casting: Foxfire (safe; 1% risk of failure)
Confirm with . or Enter, or press ? or * to list all spells.
Aiming: Mephitic Cloud (dangerous; 3% risk of failure)
Press: ? - help, Shift-Dir - straight line The ball explodes into a vile cloud!
The stinking cloud engulfs the wight but does no damage.
The wight is heavily damaged.
You hear an angry buzzing noise.
You block the wight's attack.
Casting: Mephitic Cloud (dangerous; 3% risk of failure)
Confirm with . or Enter, or press ? or * to list all spells.
You ignite the poison in your surroundings!
The wight is engulfed in blazing flames.
The wight hits you with a +5 dagger of freezing!
* * * LOW HITPOINT WARNING * * *
The wight freezes you.
* * * LOW HITPOINT WARNING * * *
The wight hits you with a +4 short sword!
* * * LOW HITPOINT WARNING * * *
You hit the wight but do no damage.
The wight is engulfed in blazing flames.
You destroy the wight!
Yredelemnul accepts your kill.
You hit the wight but do no damage.
The wight hits you with a +4 short sword!
* * * LOW HITPOINT WARNING * * *
Casting: Ignite Poison (dangerous; 3% risk of failure)
Confirm with . or Enter, or press ? or * to list all spells.
Okay, then.
Casting: Ignite Poison (dangerous; 3% risk of failure)
Confirm with . or Enter, or press ? or * to list all spells.
Aiming: Passwall (safe; 1% risk of failure)
Press: ? - help, Dir - move target A rock wall.
* * * LOW HITPOINT WARNING * * *
The wight hits you with a +4 short sword!
You die...
Your body rises from the dead as a mindless zombie.

########
###.......
.......).#
.........##
..........#
.(........#
.....).○@.#
......°○z##
.....°.°...
.........###
###.######
... ###


You could see a wight.

Vanquished Creatures
  2 trolls (D:7)
  A hornet (D:7)
  Grinder (D:3)
  A water moccasin (D:6)
  2 orc warriors
  A sky beast (D:6)
  A necrophage (D:5)
  An ogre (D:5)
  2 centaurs
  2 phantoms
  A kobold brigand (D:3)
  A gnoll sergeant (D:7)
  A bullfrog (D:6)
  A scorpion (D:7)
  A water moccasin zombie (D:5)
  3 wights (D:8)
  2 howler monkeys
  A centaur zombie (D:7)
  4 orc priests
  A bullfrog skeleton (D:4)
  A hound (D:7)
  A jelly (D:5)
  4 iguanas
  4 orc wizards (D:4)
  A hound zombie (D:5)
  A howler monkey zombie (D:6)
  17 gnolls
  5 adders
  A shadow imp (D:6)
  An ufetubus (D:5)
  4 dart slugs
  24 orcs
  7 ball pythons
  10 endoplasms
  3 giant cockroaches
  3 goblins
  A hobgoblin (D:2)
  11 jackals
  5 kobolds (D:1)
  6 quokkas
  4 bats
  A goblin skeleton (D:7)
  2 goblin zombies (D:7)
  3 hobgoblin zombies (D:7)
  A kobold skeleton (D:7)
  3 kobold zombies (D:7)
  An orc skeleton (D:7)
  An orc zombie (D:7)
  4 rats
160 creatures vanquished.

Vanquished Creatures (others)
  An orc (D:3)
  3 ball pythons (D:3)
  2 bats (D:3)
  A goblin (D:3)
  187 foxfires
  9 fungi (D:6)
203 creatures vanquished.

Grand Total: 363 creatures vanquished

Notes
Turn   | Place    | Note
-------+----------+-------------------------------------------
     0 | D:1      | bilbop the Djinni Venom Mage began the quest for the Orb.
     0 | D:1      | Reached XP level 1. HP: 15/15 MP: 0/0
   419 | D:1      | Reached XP level 2. HP: 19/21 MP: 0/0
   846 | D:1      | Reached XP level 3. HP: 23/26 MP: 0/0
   846 | D:1      | Learned a level 1 spell: Foxfire
  1158 | D:1      | Found a faded altar of an unknown god.
  1269 | D:1      | Found Hofad's Assorted Antiques.
  1368 | D:2      | Found a glowing silver altar of Zin.
  1385 | D:2      | Reached skill level 1 in Fighting
  1390 | D:2      | Reached skill level 1 in Short Blades
  1390 | D:2      | Reached skill level 1 in Invocations
  1390 | D:2      | Reached XP level 4. HP: 16/32 MP: 0/0
  1397 | D:2      | Reached skill level 1 in Shields
  2507 | D:3      | Reached XP level 5. HP: 33/37 MP: 0/0
  2507 | D:3      | Learned a level 2 spell: Passwall
  2703 | D:3      | Noticed a kobold brigand
  2706 | D:3      | Killed a kobold brigand
  2805 | D:3      | Found a shimmering altar of Xom.
  2882 | D:3      | Reached XP level 6. HP: 38/43 MP: 0/0
  3537 | D:3      | Noticed Grinder
  3540 | D:3      | Paralysed by Grinder for 7 turns
  3554 | D:3      | Killed Grinder
  3555 | D:3      | Reached XP level 7. HP: 29/49 MP: 0/0
  3555 | D:3      | Learned a level 3 spell: Call Canine Familiar
  4101 | D:4      | Found a bloodstained altar of Trog.
  4302 | D:4      | Found Tiacuddi's Jewellery Shop.
  4561 | D:4      | Reached XP level 8. HP: 28/56 MP: 0/0
  4845 | D:4      | Found a hide-covered altar of Uskayaw.
  5284 | D:5      | Entered Level 5 of the Dungeon
  6333 | D:6      | Reached XP level 9. HP: 38/62 MP: 0/0
  6333 | D:6      | Learned a level 4 spell: Animate Dead
  7650 | D:6      | Found a sacrificial altar of Ru.
  8045 | D:7      | Found a staircase to the Ecumenical Temple.
  8054 | Temple   | Entered the Ecumenical Temple
  8343 | Temple   | Became a worshipper of Yredelemnul the Dark
  8389 | D:7      | Found an opulent altar of Gozag.
  8500 | D:7      | Noticed a hornet
  8505 | D:7      | Killed a hornet
  8807 | D:7      | Noticed a troll
  8812 | D:7      | Killed a troll
  8813 | D:7      | Reached skill level 5 in Stealth
  8933 | D:7      | Found a glowing golden altar of the Shining One.
  8945 | D:7      | Noticed a troll
  8950 | D:7      | Killed a troll
  8951 | D:7      | Reached skill level 5 in Fighting
  8951 | D:7      | Reached skill level 5 in Invocations
  8951 | D:7      | Reached XP level 10. HP: 54/70 MP: 0/0
  9182 | D:8      | Reached skill level 5 in Shields
  9198 | D:8      | HP: 3/70 [wight/+4 short sword (8)]
  9199 | D:8      | Mangled by a wight

Illustrated notes

Levels and vault maps discovered:
D:1:      amcnicky_arrival_underground_garden, layout_basic, serial_shops,
          nicolae_shop_crystal, chequers_ecumenical_altar_grove
D:2:      layout_rooms, basic_altar, serial_curves, eino_curves_03,
          eino_curves_01, eino_curves_03, eino_curves_04, hex_medium
D:3:      layout_loops_cross, xom_confusion_cloud, uniq_grinder
D:4:      layout_rooms, lemuel_crystal_altar, bloody_trog, serial_shops, shop,
          guppyfry_early_orc_mine
D:5:      layout_cave_pools
D:6:      layout_basic, nicolae_ru_path_of_blood, serial_aquarium,
          aquarium_bridge_long_joined [aquarium_subvault_bridge,
          aquarium_subvault_balcony, aquarium_subvault_window,
          aquarium_subvault_wall, aquarium_subvault_bridge,
          aquarium_subvault_window], aquarium_window_3, aquarium_window_2,
          aquarium_window_fake, aquarium_view_2d, aquarium_pool_2
D:7:      layout_gridville, nicolae_tso_besieged_by_evil,
          grunt_gozag_breadcrumbs, temple_statues
D:8:      layout_basic, old_standard_altar
Temple:   minmay_temple_curvy_branch

Skill      XL: |  1  2  3  4  5  6  7  8  9 10 |
---------------+-------------------------------+-----
Stealth        | 2 3 4 5 |  5.2
Fighting       | 1 2 3 5 |  5.2
Short Blades   | 1 2 3 4 |  4.7
Invocations    | 1 2 3 5 |  5.1
Shields        | 1 2 3 4 5 |  5.1
Spellcasting   | 3 4 |  4.9
Dodging        | |  2.1

Action                   |  1- 3 |  4- 6 |  7- 9 | 10-12 || total
-------------------------+-------+-------+-------+-------++-------
Melee: Dagger            |     5 |    72 |    24 |    17 ||   118
 Cast: Sting             |    20 |    10 |    16 |     3 ||    49
       Poisonous Vapours |    20 |    24 |    62 |     2 ||   108
       Foxfire           |       |    29 |    68 |    15 ||   112
       Ignite Poison     |       |     4 |    36 |     7 ||    47
       Mephitic Cloud    |       |     1 |     8 |     4 ||    13
       Olgreb's Toxic Ra |       |       |     6 |       ||     6
       Call Canine Famil |       |       |     1 |     1 ||     2
       Animate Dead      |       |       |     1 |       ||     1
       Passwall          |       |       |       |     1 ||     1
 Stab: Sleeping          |     1 |       |       |       ||     1
Armor: Robe              |     7 |    11 |       |       ||    18
       Leather armour    |       |       |     9 |     1 ||    10
Dodge: Dodged            |    10 |    54 |    37 |     5 ||   106
Block: Buckler           |       |       |     2 |     2 ||     4

Table legend: (Time is in decaauts)
 A = Elapsed time spent in this place.
 B = Non-inter-level travel time spent in this place.
 C = Inter-level travel time spent in this place.
 D = Time resting spent in this place.
 E = Time spent auto-exploring this place.
 F = Levels seen in this place.
 G = Mean time per level.
                   A        B        C        D        E       F      G
               +--------+--------+--------+--------+--------+-----+--------+
         Total |   9181 |   8841 |    340 |   2681 |   5203 |   9 | 1020.1 |
       Dungeon |   8866 |   8583 |    283 |   2681 |   4948 |   8 | 1108.2 |
        Temple |    314 |    257 |     57 |      0 |    255 |   1 |  314.0 |
               +--------+--------+--------+--------+--------+-----+--------+

Top non-repeatable levels by time:
     D:3: 1638 daAuts
     D:6: 1571 daAuts
     D:1: 1367 daAuts
     D:4: 1182 daAuts
     D:7: 1145 daAuts
     D:2: 1088 daAuts
     D:5: 854 daAuts
  Temple: 314 daAuts
     D:8: 18 daAuts
